Workbook
Name __123Graph_A: [1]SAFIB!$F$261:$M$261
Name __123Graph_B: [1]SAFIB!$F$260:$M$260
Name __123Graph_C: [1]SAFIB!$F$259:$M$259
Name __123Graph_X: [1]SAFIB!$F$256:$M$256
Name _4LIN: #REF!
Name _9LIN: #REF!
Name _CAS1: 'INFO EXPERIENCIA'!_CAS1
Name _CAS1: POLIZAS!_CAS1
Name _CAS1: [0]!_CAS1
Name _CMT1: #REF!
Name _dia1: #REF!
Name _DIS1: #REF!
Name _DIS2: #REF!
Name _DTO1: #REF!
Name _DTO2: #REF!
Name _enl1: 'INFO EXPERIENCIA'!_enl1
Name _enl1: POLIZAS!_enl1
Name _enl1: [0]!_enl1
Name _ENL2: 'INFO EXPERIENCIA'!_ENL2
Name _ENL2: POLIZAS!_ENL2
Name _ENL2: [0]!_ENL2
Name _F: #REF!
Name _LLL2: 'INFO EXPERIENCIA'!_LLL2
Name _LLL2: POLIZAS!_LLL2
Name _LLL2: [0]!_LLL2
Name _MAT2002: #REF!
Name _MDL2000: #REF!
Name _MIC2: 'INFO EXPERIENCIA'!_MIC2
Name _MIC2: POLIZAS!_MIC2
Name _MIC2: [0]!_MIC2
Name _mo1: '[4]1'!#REF!
Name _MSP1: #REF!
Name _PDH2300: '[5]2300S'!$L$6:$S$49
Name _PIM002: [6]Cards2!$C$4:$C$6
Name _PIM004: [6]Cards2!$E$4:$E$8
Name _PIM005: [6]Cards2!$F$4:$F$5
Name _PIM006: [6]Cards2!$G$4:$G$7
Name _PIM007: [6]Cards2!$H$4:$H$5
Name _PIM008: [6]Cards2!$I$4:$I$7
Name _PIM009: [6]Cards2!$J$4:$J$32
Name _PIM010: [6]Cards2!$K$4:$K$32
Name _PIM011: [6]Cards2!$L$4:$L$32
Name _PIM012: [6]Cards2!$M$4:$M$40
Name _PIM013: [6]Cards2!$N$4:$N$40
Name _PIM014: [6]Cards2!$O$4:$O$40
Name _PIM015: [6]Cards2!$P$4:$P$7
Name _PIM016: [6]Cards2!$Q$4:$Q$7
Name _PIM017: [6]Cards2!$R$4:$R$41
Name _PIM018: [6]Cards2!$S$4:$S$40
Name _PIM019: [6]Cards2!$T$4:$T$40
Name _PIM020: [6]Cards2!$U$4:$U$40
Name _PIM021: [6]Cards2!$V$4:$V$40
Name _PIM022: [6]Cards2!$W$4:$W$40
Name _PMO1: #REF!
Name _QP1: #REF!
Name _QP2: #REF!
Name _QP3: #REF!
Name _QP4: #REF!
Name _QP5: #REF!
Name _R: #REF!

Sheet SDC ARQ EMPRESARIAL
B2: República de Colombia Instituto Colombiano de Bienestar Familiar Cecilia de la Fuente de Lleras Dirección de Abastecimiento | J2: Clasificación de la Información: PÚBLICA
B4: FORMATO DE COTIZACIÓN - ARQUITECTURA EMPRESARIAL
B5: OBJETO: Realizar la consultoría especializada para el desarrollo de la Arquitectura, Definición y Diseño de la gestión de datos, información y conocimiento del INSTITUTO COLOMBIANO DE BIENESTAR FAMILIAR – ICBF, para las estrategias, modalidades y programas de atención de las direcciones de Primera Infancia, Protección, Información y Tecnología, y Planeación y Control de Gestión.
B7: Empresa: | F7: Nit: | I7: Fecha:
B8: Contacto: | F8: Cargo: | I8: Tel. celular:
B9: E-Mail: | F9: Dirección: | I9: Tel. fijo:
B11: Instrucciones para el diligenciamiento del formato de cotización
B12: • Por favor diligenciar solo las celdas en AMARILLO. • Revisar todos los requerimientos que se exponen en el documento "Ficha de Condiciones Técnicas Escenciales para la Prestación del Servicio y/o Entrega del Bien" (FCT) y Anexos; y formular su cotización en concordancia con este, garantizando que los bienes y/o servicios ofrecidos cumplan en su totalidad con las especificaciones técnicas descritas en la FCT. • Asignar precio sin incluir el IVA en las celdas de la columna "Precio unitario antes de IVA" • Los precios de la cotización deben ser expresados en PESOS COLOMBIANOS. • Los precios unitarios deberán aproximarse por exceso o por defecto al entero más cercano. Si la cifra no está aproximada y aparece con centavos, el ICBF aproximará al entero inferior. • No modificar o quitar ningún ítem o sub-ítem.
B13: NOTAS: (1) La cotización debe incluir todos los costos y gastos (directos e indirectos) asociados a la ejecución del contrato (inclusive el plan de transferencia de conocimiento al ICBF al que se hace referencia en la FCT), incluyendo igualmente el Personal Mínimo Requerido se encuentra relacionado en el Anexo 8 de la FCT y los desplazamientos que se deben realizar a las regionales del Valle del Cauca, Bogotá y Bolívar para el levantamiento de información inicial. (2) Para la herramienta tecnológica, se debe incluir además el valor de la garantía, soporte técnico y licenciamiento según lo estipulado en la FCT
B15: Plazo de ejecución | D15: 6
B17: Ubicación de la empresa | I17: Tarifa IVA %
B19: CONSULTORIA ARQUITECTURA EMPRESARIAL DEL ICBF (Nota 1)
B20: No. | C20: ÍTEM | E20: DETALLE | H20: UNIDAD DE MEDIDA | I20: PRECIO UNITARIO ANTES DE IVA | J20: VALOR TOTAL IVA INCLUIDO
B21: 1 | C21: ENTREGABLE A (Nota 1 y 2) | E21: • Herramienta Tecnológica | H21: Unidad | J21: =ROUND(I21*(1+$J$17),0) -> 0
B22: 2 | C22: ENTREGABLE B (Nota 1) | E22: • Estructura del repositorio de Arquitectura Empresarial versión 0.1. • Documento de levantamiento de requerimientos funcionales, no funcionales y de dominio, de los servicios de negocio y servicios de TI iniciales • Documento de declaración de trabajo de arquitectura • Documento de Visión de arquitectura en los dominios de Negocio, Datos, Aplicaciones y Tecnología junto con los dominios del Marco de Referencia de Arquitectura Empresarial del Estado Colombiano. • Catálogo de principios de arquitectura. • Documento de Identificación de las fuentes de datos internas y externas. • Modelo de capacidades. • Identificación y caracterización de interesados (stakeholders). • Estrategia de AE para iniciativas de innovación. | H22: Unidad | J22: =ROUND(I22*(1+$J$17),0) -> 0
B23: 3 | C23: ENTREGABLE C (Nota 1) | E23: • Documento de Arquitectura de Negocio • Caracterización de procesos • Documento inicial de definición de las reglas de validación y autorización de datos a migrar | H23: Unidad | J23: =ROUND(I23*(1+$J$17),0) -> 0
B24: 4 | C24: ENTREGABLE D (Nota 1) | E24: • Documento de Arquitectura de Sistemas de información • Modelo de datos de la arquitectura objetivo • Nuevo catálogo de servicios de TI. • Catálogo de sistemas de información. • Diagramas de flujos de información en interoperabilidad. • Matriz de sistemas de información • Matriz CRUD. • Catálogo de datos maestros validado. • Modelo de integración de requerimientos funcionales y lineamientos de seguridad de la arquitectura técnica, para la Prueba de Concepto • Documento afinado de definición de las reglas de validación y autorización de los datos a migrar los registros únicos. | H24: Unidad | J24: =ROUND(I24*(1+$J$17),0) -> 0
B25: 5 | C25: ENTREGABLE E (Nota 1) | E25: • Documento de Arquitectura de Tecnología • Modelo de definición de procesos y de calidad de datos • Documento de Diseño de la prueba de concepto • Documento de definición de los protocolos de comunicación | H25: Unidad | J25: =ROUND(I25*(1+$J$17),0) -> 0
B26: 6 | C26: ENTREGABLE F (Nota 1) | E26: • Documento de oportunidades y soluciones • Vistas en la Herramienta de Oportunidades y Soluciones. • Plan de Implementación • Vistas en la Herramienta de AE del Plan de Implementación. • Arquitecturas de transición definidas y propuesta de alto nivel de hoja de ruta de implementación de dichas arquitecturas. • Vistas en la Herramienta de AE de arquitecturas de Transición. • Documento de estrategia de integración e interoperabilidad • Versión final de Requerimientos. • PETI actualizado. | H26: Unidad | J26: =ROUND(I26*(1+$J$17),0) -> 0
B27: 7 | C27: ENTREGABLE G (Nota 1) | E27: • Plan de Capacidad para los servicios definidos de la arquitectura objetivo. • Documento de Gobernanza de la implementación de arquitectura. • Tablero de control de indicadores de gestión. • Repositorio de Arquitectura Empresarial en su versión final. • Ejecución del proceso de migración y unificación de datos • Ejecución de la prueba de concepto • Resumen ejecutivo del desarrollo de la consultoría • Documento de riesgos en su versión final. • Ejecución del Plan de Transferencia de Conocimiento al ICBF | H27: Unidad | J27: =ROUND(I27*(1+$J$17),0) -> 0
B28: TOTAL CONSULTORÍA ARQUITECTURA EMPRESARIAL DEL ICBF | J28: =SUM(J21:J27) -> 0
B30: La presente cotización:
B31: • Incluye todos los costos y gastos directos e indirectos en que debe incurrir el contratista durante la ejecución del contrato de acuerdo con las especificaciones de la Ficha de Condiciones Técnicas, las obligaciones tributarias de acuerdo con las normas aplicables para el tipo de servicio y contrato correspondiente, y los costos de las pólizas. • Se remite como parte del estudio de mercado, previo a la contratación, y no implica ninguna obligación de contratar. • Tiene una vigencia de 90 días a partir de la fecha de diligenciamiento.
B32: Inscripción en el Registro Único de Proponentes: Las personas naturales y jurídicas, nacionales o extranjeras, con domicilio en Colombia, interesadas en participar en procesos de contratación convocados por las entidades estatales, deben estar inscritas en el RUP, salvo las excepciones previstas de forma taxativa en la ley (Artículo 2.2.1.1.1.5.1 del Drecreto 1082 de 2015). Se aclara que esta inscripción no se requiere para remitir cotización durante el estudio de mercado.
B33: LOS DATOS PROPORCIONADOS SERÁN TRATADOS DE ACUERDO A LA POLÍTICA DE TRATAMIENTO DE DATOS PERSONALES DEL ICBF Y A LA LEY 1581 DE 2012

Sheet INFO GENERAL Y FINANCIERA
B8: Formato Información General Y Financiera De Proveedores
B10: Ciudad | R10: Fecha Dd/mm/aa | AI10: Persona Natural
AI11: Persona Jurídica
B12: 1. Información General
B13: 1.1. Identificación.
B14: Personas naturales | I14: Nombre Comercial | AR14: Cédula
B16: Personas jurídicas | I16: Razón Social | AR16: DV
B18: Dirección | AI18: Fax | AR18: Ciudad
B20: Pagina Web | AI20: Sector al que pertenece
B22: 1.2. Personas De Contacto
B23: Gerente General | P23: E-mail | AI23: Ext. | AR23: Celular
B25: Director Comercial | P25: E-mail | AI25: Ext. | AR25: Celular
B27: Asesor Comercial | P27: E-mail | AI27: Ext. | AR27: Celular
B29: 1.3. Productos Y Servicios Inscritos En El Rup De Acuerdo Con El Unspsc
B30: Incluir Listado Con Breve Descripción De Los Productos Y/o Servicios Que Ofrece La Compañía, Registrados En El Rup (agregue Las Filas Necesarias) | AR30: Código de Naciones Unidas
B36: 1.4. Códigos CIIU | AR36: 1.5. Número De Empleados
B37: Código De Actividad | I37: Descripción Actividad Económica CIIU | AI37: Tarifa ICA
B41: 2. Información Financiera
B42: Nombre Del Indicador | O42: Cuenta | W42: Valores En Pesos a Diciembre 31 De 2016 | AE42: Valores En Pesos a Diciembre 31 De 2017 | AM42: Indicador 2016 | AQ42: Indicador 2017 | AU42: Veces- Porcentaje
B43: Capacidad Financiera | E43: índice De Liquidez | O43: Activo Corriente --> | AM43: =+IFERROR(W43/W44,0) -> 0 | AQ43: =+IFERROR(AE43/AE44,0) -> 0 | AU43: Veces
O44: Pasivo Corriente -->
E45: Índice De Endeudamiento | O45: Pasivo Total--> | AM45: =+IFERROR(W45/W46,0) -> 0 | AQ45: =+IFERROR(AE45/AE46,0) -> 0 | AU45: Porcentaje
O46: Activo Total-->
E47: Razón De Cobertura De Intereses | O47: Utilidad Operacional--> | AM47: =+IFERROR(W47/W48,0) -> 0 | AQ47: =+IFERROR(AE47/AE48,0) -> 0 | AU47: Veces
O48: Gastos De Interés-->
E49: Capital de Trabajo | O49: Activo Corriente--> | AM49: =+W49-W50 -> 0 | AQ49: =+AE49-AE50 -> 0 | AU49: Pesos
O50: Pasivo corriente-->
B51: Capacidad Organizacional | E51: Rentabilidad Del Patrimonio | O51: Utilidad Operacional--> | AM51: =+IFERROR(W51/W52,0) -> 0 | AQ51: =+IFERROR(AE51/AE52,0) -> 0 | AU51: Porcentaje
O52: Patrimonio-->
E53: Rentabilidad Del Activo | O53: Utilidad Operacional--> | AM53: =+IFERROR(W53/W54,0) -> 0 | AQ53: =+IFERROR(AE53/AE54,0) -> 0 | AU53: Porcentaje
O54: Activo Total-->
B55: Nota: Para las empresas inspeccionadas, vigiladas o controladas por la Supersociedades, la información consignada en este numeral será validada con la reportada a la Supersociedades y disponible para consulta en Internet mediante el Sistema de Información y Riesgo Empresarial de la Supersociedades (SIREM). Si se evidencian diferencias en los valores consignados en este formato y los reportados a la Supersociedades se tomará como referencia la información del SIREM.
B56: Otra información relevante de la empresa (consigne en este espacio otra información que considere de interés)

Sheet INFO EXPERIENCIA
B8: EXPERIENCIA EN CONTRATACION EN LOS ULTIMOS 5 AÑOS
B9: EXPERIENCIA EN CONTRATACIÓN EN LOS ÚLTIMOS 5 AÑOS
B11: Empresa: | C11: =IF('SDC ARQ EMPRESARIAL'!D7="","",'SDC ARQ EMPRESARIAL'!D7) | F11: Nit: | G11: =IF('SDC ARQ EMPRESARIAL'!G7="","",'SDC ARQ EMPRESARIAL'!G7) | I11: Fecha: | J11: =IF('SDC ARQ EMPRESARIAL'!J7="","",'SDC ARQ EMPRESARIAL'!J7)
B12: Contacto: | C12: =IF('SDC ARQ EMPRESARIAL'!D8="","",'SDC ARQ EMPRESARIAL'!D8) | F12: Cargo: | G12: =IF('SDC ARQ EMPRESARIAL'!G8="","",'SDC ARQ EMPRESARIAL'!G8) | I12: Tel. celular: | J12: =IF('SDC ARQ EMPRESARIAL'!J8="","",'SDC ARQ EMPRESARIAL'!J8)
B13: E-Mail: | C13: =IF('SDC ARQ EMPRESARIAL'!D9="","",'SDC ARQ EMPRESARIAL'!D9) | F13: Dirección: | G13: =IF('SDC ARQ EMPRESARIAL'!G9="","",'SDC ARQ EMPRESARIAL'!G9) | I13: Tel. fijo: | J13: =IF('SDC ARQ EMPRESARIAL'!J9="","",'SDC ARQ EMPRESARIAL'!J9)
B15: Con el fin de conocer la experiencia con la que cuentan las empresas del sector relacionada con el objeto del presente estudio de mercado, agradecemos diligenciar el cuadro que sigue con base en los contratos suscritos en los últimos 5 años, cuyos objetos están relacionados con el objeto del presente estudio de mercado
B17: Tipo de entidad | C17: Entidad o Empresa | D17: Numero del contrato | E17: Objeto del contrato | F17: Fecha de suscripción (dd/mmm/aa) | G17: Plazo de ejecución (en meses) | H17: Forma de participación (UT, consorcio, individual) | I17: % de participación | J17: Valor total ejecutado del contrato (de acuerdo con el % de participación)
B29: Nota: Agregar las filas necesarias para reportar la experiencia

Sheet POLIZAS
B8: CONCEPTOS A TENER EN CUENTA
B11: El presente cuadro es de carácter informativo, no se debe diligenciar. Sin embargo se entiende que la cotización incluye la totalidad de los conceptos relacionados a continuación.
B13: PÓLIZAS PARA LEGALIZACIÓN DEL CONTRATO
B15: CONCEPTO | D15: COBERTURA | E15: PLAZO (En Meses)
B16: Garantía de Seriedad de la oferta | D16: 0.1 | E16: Plazo de Ejecución
B17: Cumplimiento | D17: 0.2 | E17: Plazo de ejecución + 4 meses mas
B18: Salarios, Prestaciones | D18: 0.1 | E18: Plazo de ejecución + 36 meses mas
B19: Calidad de los Servicios | D19: 0.2 | E19: Plazo de ejecución + 4 meses mas
B20: Responsabilidad civil extracontractual | D20: 0.1 | E20: Plazo de Ejecución
B21: Cobertura: Corresponde al porcentaje del valor total del contrato a amparar.
